 Dungeon Crawl Stone Soup version 0.31-a0-210-gccc998df9b (webtiles) character file.

Game seed: 10865040777588479489

138 qw the Shooter (level 5, -3/30 HPs)
             Began as a Gargoyle Hexslinger on June 29, 2023.
             Slain by an orc
             ... wielding a +0 trident
              (5 damage)
             ... on level 4 of the Dungeon.
             The game lasted 00:00:47 (2301 turns).

qw the Shooter (Gargoyle Hexslinger)                Turns: 2301, Time: 00:00:47

Health: -3/30      AC: 11    Str: 11    XL:     5   Next: 21%
Magic:  6/6        EV: 11    Int: 14    God:
Gold:   99         SH:  0    Dex: 14    Spells: 5/6 levels left

rFire   . . .        Y - +2 sling
rCold   . . .        (no shield)
rNeg    + . .        k - +0 leather armour
rPois   inf          (no helmet)
rElec   +            (no cloak)
rCorr   .            (no gloves)
SInv    .            (no boots)
Will    .....        (no amulet)
Stlth   +            (no ring)
HPRegen 0.25/turn    (no ring)
MPRegen 0.10/turn

%: no passive effects
@: no status effects
A: sickness immunity, AC +4, negative energy resistance 1, electricity
resistance, torment resistance 1, petrification resistance, talons 1, iridescent
scales 2
a: no special abilities


You were on level 4 of the Dungeon.
You visited 1 branch of the dungeon, and saw 4 of its levels.

You collected 99 gold pieces.


Innate Abilities, Weirdness & Mutations

You are immune to sickness and miasma.
Your stone body is resilient. (AC +4)
You are immune to poison.
You resist negative energy. (rN+)
You are resistant to electric shocks. (rElec)
You are resistant to unholy torment.
You are immune to petrification.
You have sharp toenails.
You are mostly covered in iridescent scales. (AC +4)


   Skills:
 - Level 2.1 Fighting
 + Level 4.9 Ranged Weapons
 - Level 1.5 Dodging
 - Level 1.0 Spellcasting
 - Level 2.6 Hexes


You had 5 spell levels left.
You knew the following spells:

 Your Spells              Type           Power      Damage    Failure   Level
a - Slow                  Hex            32%        N/A       12%         1

Your spell library contained the following spells:

 Spells                   Type           Power      Damage    Failure   Level
 Inner Flame              Hex/Fire       4%         N/A       52%         3
 Portal Projectile        Hex/Tloc       8%         N/A       52%         3
 Cause Fear               Hex            4%         N/A       75%         4

Inventory:

Hand Weapons
 Y - a +2 sling (weapon)
Armour
 c - a +0 pair of gloves
 k - a +0 leather armour (worn)
Scrolls
 a - a scroll of identify
Potions
 b - a potion of might
 e - a potion of heal wounds {unknown}
 f - a potion of berserk rage {unknown}
 g - a potion of curing {unknown}
 i - a potion of resistance

Dungeon Overview and Level Annotations

Branches:
Dungeon (4/15)
 Temple: D:4-7

Altars:
Qazlal
Sif Muna


Message History

The orc completely misses you. The iguana closely misses you.
You shoot a sling bullet.
The sling bullet hits the iguana but does no damage.
The iguana is severely wounded.
The orc barely misses you. The iguana barely misses you.
You shoot a sling bullet. The sling bullet hits the iguana.
The iguana is almost dead.
The orc hits you from afar with a +0 trident.
The iguana bites you.
A giant cockroach comes into view.
You shoot a sling bullet. The sling bullet hits the iguana.
The iguana is almost dead.
The giant cockroach closely misses you. The orc hits you but does no damage.
The iguana barely misses you.
You shoot a sling bullet. The sling bullet hits the iguana.
You kill the iguana!
The giant cockroach closely misses you. The orc closely misses you.
The giant cockroach barely misses you.
The orc priest looks braver for a moment.
The orc hits you but does no damage.
You have reached level 5!
You shoot a sling bullet.
The sling bullet hits the giant cockroach.
The giant cockroach is moderately wounded.
The giant cockroach misses you.
The orc hits you from afar with a +0 trident.
You shoot a sling bullet.
The sling bullet barely misses the giant cockroach.
The giant cockroach barely misses you. The orc barely misses you.
You shoot a sling bullet.
The sling bullet hits the giant cockroach.
You kill the giant cockroach!
The orc priest hits you with a +0 hand axe.
The orc hits you from afar with a +0 trident.
You shoot a sling bullet. The sling bullet hits the orc priest.
The orc priest is moderately wounded.
The giant cockroach bites you.
The orc priest hits you but does no damage.
The orc hits you from afar with a +0 trident.
You die...

##..>.## .....
#.. #....##
...... ##...
#....#
...)..##...
#...##
..........#
##...# ..........
##...##
......o..#
##...##
....)..o.#
##...## #.....B@#
##...##
#.....).####...##
#........#....##
#............##
#............##
#............#
............##
#......###..#
####### ##.#


You could see an orc priest, an orc and a giant cockroach.

Vanquished Creatures
  2 iguanas (D:4)
  4 adders
  An ufetubus (D:4)
  An orc (D:4)
  5 endoplasms
  4 giant cockroaches
  4 hobgoblins
  4 quokkas
  4 ball pythons
  2 bats (D:2)
  5 frilled lizards
  4 goblins
  3 kobolds
  7 rats
50 creatures vanquished.

Notes
Turn   | Place    | Note
-------+----------+-------------------------------------------
     0 | D:1      | qw the Gargoyle Hexslinger began the quest for the Orb.
     0 | D:1      | Reached XP level 1. HP: 12/12 MP: 2/2
     0 | D:1      | 0 ||| qw: Version: 0.3-a-24-g62f9e04
     0 | D:1      | 0 ||| qw: Game counter: 6741
     0 | D:1      | 0 ||| qw: Melee chars always use a shield: true
     0 | D:1      | 0 ||| qw: God list: Okawaru
     0 | D:1      | 0 ||| qw: Allow faded altars: false
     0 | D:1      | 0 ||| qw: Do Orc after clearing Dungeon:15 true
     0 | D:1      | 0 ||| qw: Do second Lair branch before Depths: true
     0 | D:1      | 0 ||| qw: Lair rune preference: random
     0 | D:1      | 0 ||| qw: Goals: Normal
     0 | D:1      | 0 ||| PLANNING D:1-11
   110 | D:1      | Reached XP level 2. HP: 16/16 MP: 3/3
   363 | D:1      | Reached skill level 3 in Ranged Weapons
   525 | D:1      | 525 ||| READING scroll labelled ULOODA XIADEGU.
   526 | D:1      | 526 ||| READING scroll labelled FYAGUOSTUM.
   527 | D:1      | 527 ||| READING 2 scrolls labelled JIMMIL SOLEE.
   528 | D:1      | 528 ||| DROPPING scroll of poison.
   529 | D:1      | 529 ||| DROPPING scroll of vulnerability.
   566 | D:2      | Reached XP level 3. HP: 19/21 MP: 4/4
   613 | D:2      | Found a shimmering blue altar of Sif Muna.
  1141 | D:2      | 1141 ||| UPGRADING to +0 leather armour.
  1151 | D:2      | 1151 ||| DROPPING +0 robe.
  1152 | D:2      | 1152 ||| READING scroll labelled ETOCHESMIA.
  1153 | D:2      | 1153 ||| READING scroll labelled ZUDUIST VEUCU.
  1157 | D:2      | 1157 ||| READING scroll labelled ZESA OTINNOT.
  1158 | D:2      | 1158 ||| READING scroll labelled ESSIHO OKAH.
  1159 | D:2      | 1159 ||| READING 2 scrolls of identify.
  1159 | D:2      | 1159 ||| IDENTIFYING inky potion
  1201 | D:3      | Reached XP level 4. HP: 26/26 MP: 5/5
  1671 | D:3      | Reached skill level 4 in Ranged Weapons
  2065 | D:3      | 2065 ||| READING scroll labelled ERPHIC ZELUVIM MUNU.
  2066 | D:3      | 2066 ||| DRINKING 2 metallic red potions.
  2066 | D:3      | Gained mutation: Your magical capacity is low. (-10% MP)
                  | [potion of mutation]
  2066 | D:3      | Gained mutation: You occasionally lose the ability to read
                  | scrolls when taking damage. [potion of mutation]
  2066 | D:3      | Gained mutation: You are agile. (Dex +4, Str/Int -1)
                  | [potion of mutation]
  2067 | D:3      | 2067 ||| DRINKING potion of mutation.
  2067 | D:3      | Lost mutation: You occasionally lose the ability to read
                  | scrolls when taking damage. [potion of mutation]
  2067 | D:3      | Lost mutation: Your magical capacity is low. (-10% MP)
                  | [potion of mutation]
  2067 | D:3      | Lost mutation: You are agile. (Dex +4, Str/Int -1) [potion
                  | of mutation]
  2067 | D:3      | Gained mutation: You are partially covered in iridescent
                  | scales. (AC +2) [potion of mutation]
  2067 | D:3      | Gained mutation: You are mostly covered in iridescent
                  | scales. (AC +4) [potion of mutation]
  2067 | D:3      | Gained mutation: You have sharp toenails. [potion of
                  | mutation]
  2141 | D:4      | Found a stormy altar of Qazlal.
  2298 | D:4      | Reached XP level 5. HP: 12/30 MP: 6/6
  2300 | D:4      | HP: 3/30 [orc/+0 trident (6)]
  2301 | D:4      | Slain by an orc

Levels and vault maps discovered:
D:1:      tekkud_arrival_beachfront_property, layout_basic
D:2:      layout_rooms, basic_altar
D:3:      layout_loops_corners, serial_aquarium, aquarium_bridge_square
          [aquarium_subvault_bridge, aquarium_subvault_bridge,
          aquarium_subvault_bridge, aquarium_subvault_wall],
          aquarium_window_fake, aquarium_window_fake, aquarium_window_fake,
          aquarium_window_corner, aquarium_view_2e, aquarium_view_2d,
          aquarium_pool_2
D:4:      layout_layer_cave, grunt_qazlal_sundering, gammafunk_ghost_split,
          guppyfry_early_orc_mine, uniq_grinder

Skill      XL: |  1  2  3  4 |
---------------+-------------+-----
Ranged Weapons | 3 4 |  4.9
Fighting       | 2 |  2.1
Dodging        | |  1.5
Spellcasting   | |  1.0
Hexes          | |  2.6

Action                     |  1- 3 |  4- 6 || total
---------------------------+-------+-------++-------
   Fire: Sling             |   100 |    60 ||   160
    Use: Scroll            |     8 |     1 ||     9
         Potion            |       |     2 ||     2
 Armour: Robe              |    11 |       ||    11
         Leather armour    |     2 |    12 ||    14
  Dodge: Dodged            |    32 |    24 ||    56

Table legend:
 A = Non-vault XP
 B = Vault XP
 C = Vault XP percentage of total XP
 D = Non-vault monster count
 E = Vault monster count
 F = Vault count percentage of total count
                 A         B        C        D         E       F
            +---------+---------+-------+---------+---------+-------
      Total |     198 |       0 |   0.0 |      50 |       0 |   0.0
            +---------+---------+-------+---------+---------+-------
        D:1 |      23 |       0 |   0.0 |      15 |       0 |   0.0
        D:2 |      43 |       0 |   0.0 |      16 |       0 |   0.0
        D:3 |      46 |       0 |   0.0 |      13 |       0 |   0.0
        D:4 |      86 |       0 |   0.0 |       6 |       0 |   0.0
            +---------+---------+-------+---------+---------+-------
